 Dungeon Crawl Stone Soup version 0.31-a0-175-g9f7f995f2b (webtiles) character file.

Game seed: 3292381975132620024

275 qw the Chopper (level 6, -5/38 HPs)
             Began as a Gargoyle Fighter on June 16, 2023.
             Killed from afar by a white imp (11 damage)
             ... with a puff of frost
             ... on level 4 of the Dungeon.
             The game lasted 00:01:25 (2502 turns).

qw the Chopper (Gargoyle Fighter)                   Turns: 2502, Time: 00:01:26

Health: -5/38      AC: 16    Str: 20 (21) XL:     6   Next: 25%
Magic:  6/6        EV:  9    Int:  7 (9)  God:
Gold:   177        SH:  4    Dex: 12 (15) Spells: 5/5 levels left

rFire   . . .        Y - +0 war axe (freeze)
rCold   . . .        c - +0 buckler
rNeg    + . .        b - +0 scale mail
rPois   inf          e - +0 helmet
rElec   +            (no cloak)
rCorr   .            (no gloves)
SInv    .            (no boots)
Will    .....        f - amulet of faith Stlth
                     g - +4 ring of protection
HPRegen 0.26/turn    l - +6 ring of dexterity
MPRegen 0.10/turn

%: faith
@: no status effects
A: sickness immunity, AC +4, negative energy resistance 1, electricity
resistance, torment resistance 1, petrification resistance
a: no special abilities


You were on level 4 of the Dungeon.
You visited 1 branch of the dungeon, and saw 4 of its levels.

You collected 177 gold pieces.


Innate Abilities, Weirdness & Mutations

You are immune to sickness and miasma.
Your stone body is resilient. (AC +4)
You are immune to poison.
You resist negative energy. (rN+)
You are resistant to electric shocks. (rElec)
You are resistant to unholy torment.
You are immune to petrification.


   Skills:
 - Level 4.0 Fighting
 + Level 5.1 Axes
 - Level 3.2 Armour
 - Level 1.2 Dodging
 - Level 3.2 Shields


You had 5 spell levels left.
You didn't know any spells.
Your spell library was empty.

Inventory:

Hand Weapons
 k - a +1 hand axe of flaming
 Y - a +0 war axe of freezing (weapon)
Armour
 a - a +0 chain mail
 b - a +0 scale mail (worn)
 c - a +0 buckler (worn)
 e - a +0 helmet (worn)
Jewellery
 f - an amulet of faith (around neck)
 g - a +4 ring of protection (left hand)
 j - an amulet of the acrobat
 l - a +6 ring of dexterity (right hand)
Scrolls
 n - a scroll of identify
Potions
 d - a potion of might
 h - a potion of lignification
 q - a potion of heal wounds {unknown}
 s - a potion of cancellation {unknown}

Dungeon Overview and Level Annotations

Branches:
Dungeon (4/15)
 Temple: D:4-7

Altars:
Kikubaaqudgha

Shops:
D:1 (   D:3 (

Annotations:
D:1 2 transporters
D:3 1 runed translucent door, qw's ghost, amateur GrHu


Message History

The white imp shouts, "Admit defeat, thou warped mumble-news varlet!"
The orc priest shouts!
You hit the orc but do no damage. The orc hits you but does no damage.
You slash the orc! You freeze the orc.
You kill the orc!
The white imp shouts, "Slither home, thou unmuzzled tardy-gaited bandersnitch!"
The orc priest calls down the wrath of Beogh upon you.
Beogh smites you!
Found 2 scrolls labelled GOEGUO HEEBOSOX.
Things that are here:
a +0 dagger; a +0 leather armour You barely miss the orc priest.
You closely miss the goblin.
The orc priest hits you with a +0 hand axe.
The goblin closely misses you.
You slash the orc priest! You freeze the orc priest.
The orc priest is severely wounded.
You hit the goblin. You freeze the goblin.
You kill the goblin!
The white imp gestures at you. You block the puff of frost.
You block the orc priest's attack.
The orc priest mumbles some strange prayers to Beogh against you.
Pain shoots through your body! The white imp gestures at you.
You block the puff of frost.
You hit the orc priest but do no damage.
The orc priest is severely wounded.
The orc priest hits you with a +0 hand axe.
You hit the orc priest. You freeze the orc priest.
The orc priest is almost dead.
You closely miss the white imp. The white imp gestures at you.
The puff of frost hits you.
The orc priest hits you but does no damage.
You closely miss the orc priest.
The orc priest is almost dead.
You barely miss the white imp. The white imp gestures at you.
The puff of frost hits you!
You die...

#....# #....#
#....######..
##..........#
.
##..........#
...
##).#######..#
....#####..##
# ..........##
......5@..#
......o#..#
........#..#
?.......#..#
........#..#
........##.#
........ ..
....... .#


You could see an orc priest and a white imp.

Vanquished Creatures
  2 jellies (D:2)
  Ijyb (D:3)
  Terence (D:3)
  An iguana (D:4)
  2 orc wizards
  A gnoll (D:1)
  A worm (D:2)
  A dart slug (D:1)
  6 orcs
  9 endoplasms (D:2)
  2 giant cockroaches
  6 goblins
  3 hobgoblins
  3 jackals (D:2)
  3 quokkas
  8 ball pythons
  4 bats
  6 frilled lizards
  10 kobolds
  3 rats
73 creatures vanquished.

Notes
Turn   | Place    | Note
-------+----------+-------------------------------------------
     0 | D:1      | qw the Gargoyle Fighter began the quest for the Orb.
     0 | D:1      | Reached XP level 1. HP: 14/14 MP: 1/1
     0 | D:1      | 0 ||| qw: Version: 0.2-a-29-g511e9b1
     0 | D:1      | 0 ||| qw: Game counter: 5920
     0 | D:1      | 0 ||| qw: Always use a shield: true
     0 | D:1      | 0 ||| qw: God list: Okawaru
     0 | D:1      | 0 ||| qw: Allow faded altars: false
     0 | D:1      | 0 ||| qw: Do Orc after D:15 true
     0 | D:1      | 0 ||| qw: Do second Lair branch before Depths: true
     0 | D:1      | 0 ||| qw: Lair rune preference: random
     0 | D:1      | 0 ||| qw: Plans: Normal, Zot:1-4, Slime:5, God:TSO, Crypt,
                  | Tomb, Abyss, Pan, Hells, Win
     0 | D:1      | 0 ||| PLANNING D:1-11
    70 | D:1      | 70 ||| Stepping ~*~*~tactically~*~*~ (stealth).
    88 | D:1      | Reached skill level 2 in Axes
   115 | D:1      | 115 ||| Stepping ~*~*~tactically~*~*~ (hiding).
   255 | D:1      | Reached XP level 2. HP: 18/19 MP: 2/2
   275 | D:1      | 275 ||| Stepping ~*~*~tactically~*~*~ (stealth).
   276 | D:1      | 276 ||| Stepping ~*~*~tactically~*~*~ (stealth).
   466 | D:1      | 466 ||| Stepping ~*~*~tactically~*~*~ (stealth).
   544 | D:1      | Found a transporter.
   546 | D:1      | Found Jodor's Antique Weapon Boutique.
   594 | D:1      | Found a transporter.
   713 | D:1      | Reached skill level 3 in Axes
   746 | D:1      | Reached XP level 3. HP: 8/23 MP: 3/3
   902 | D:1      | 902 ||| UPGRADING to +0 helmet.
   907 | D:1      | 907 ||| UPGRADING to amulet of faith.
   912 | D:1      | 912 ||| UPGRADING to +4 ring of protection.
   913 | D:1      | 913 ||| READING scroll labelled SARICLOUJOQ.
   930 | D:1      | 930 ||| READING scroll labelled EPNO UDOIV.
   931 | D:1      | 931 ||| READING scroll labelled BEN BI JAVAI.
  1333 | D:2      | Reached skill level 4 in Axes
  1333 | D:2      | Reached XP level 4. HP: 28/28 MP: 4/4
  1344 | D:2      | 1344 ||| FLEEEEING.
  1476 | D:2      | HP: 6/28 [frozen (3)]
  1477 | D:2      | Reached XP level 5. HP: 7/32 MP: 5/5
  1743 | D:2      | 1743 ||| UPGRADING to +6 ring of dexterity.
  1744 | D:2      | 1744 ||| READING scroll labelled TUUNAFUREX.
  1901 | D:3      | Found a runed translucent door.
  1903 | D:3      | Noticed qw's ghost (amateur GrHu)
  2041 | D:3      | Noticed Terence
  2055 | D:3      | Killed Terence
  2056 | D:3      | Reached skill level 1 in Dodging
  2099 | D:3      | Noticed Ijyb
  2100 | D:3      | Found Toriego's Weapon Boutique.
  2118 | D:3      | Killed Ijyb
  2188 | D:3      | Found an ancient bone altar of Kikubaaqudgha.
  2191 | D:3      | 2191 ||| READING scroll labelled APRARROUFO.
  2193 | D:3      | 2193 ||| READING scroll labelled UHENLYQOOK.
  2324 | D:3      | 2324 ||| DRINKING 2 bubbling ruby potions.
  2325 | D:3      | 2325 ||| DRINKING 2 emerald potions.
  2326 | D:3      | 2326 ||| READING 4 scrolls of identify.
  2326 | D:3      | 2326 ||| IDENTIFYING bubbling clear potion
  2327 | D:3      | 2327 ||| READING 3 scrolls of identify.
  2327 | D:3      | 2327 ||| IDENTIFYING dark potion
  2328 | D:3      | 2328 ||| READING 2 scrolls of identify.
  2328 | D:3      | 2328 ||| IDENTIFYING fuming clear potion
  2329 | D:3      | 2329 ||| DROPPING potion of degeneration.
  2330 | D:3      | 2330 ||| DROPPING potion of enlightenment.
  2331 | D:3      | 2331 ||| DROPPING potion of brilliance.
  2354 | D:4      | Reached skill level 5 in Axes
  2357 | D:4      | 2357 ||| STAIRDANCE
  2359 | D:3      | 2359 ||| DRINKING potion of curing.
  2359 | D:3      | 2359 ||| (to cure confusion)
  2361 | D:3      | Reached XP level 6. HP: 38/38 MP: 6/6
  2377 | D:4      | 2377 ||| Stepping ~*~*~tactically~*~*~ (hiding).
  2493 | D:4      | 2493 ||| Stepping ~*~*~tactically~*~*~ (stealth).
  2494 | D:4      | 2494 ||| Stepping ~*~*~tactically~*~*~ (stealth).
  2501 | D:4      | HP: 5/38 [white imp/puff of frost (6)]
  2502 | D:4      | Killed from afar by a white imp

Levels and vault maps discovered:
D:1:      eino_arrival_water_star, layout_basic, serial_shops,
          nicolae_shop_drivethru, dreamdust_princess_bridge,
          minmay_misc_feat_square
D:2:      cheibrodos_fertilizer, layout_basic
D:3:      layout_basic, mainiacjoe_overflow_cross_hatched, serial_shops,
          nicolae_shop_bloodbath_and_beyond, gammafunk_ghost_grave,
          uniq_terence, uniq_ijyb
D:4:      layout_cave_pods, elyvilon_altar_4, grunt_ministairs_11

Skill      XL: |  1  2  3  4  5  6 |
---------------+-------------------+-----
Axes           | 2 3 4 5 |  5.1
Dodging        | 1 |  1.2
Fighting       | 4 |  4.0
Armour         | |  3.2
Shields        | |  3.2

Action                     |  1- 3 |  4- 6 || total
---------------------------+-------+-------++-------
  Melee: War axe           |    96 |   112 ||   208
    Use: Scroll            |     3 |     6 ||     9
         Potion            |       |     3 ||     3
 Armour: Scale mail        |    37 |    60 ||    97
  Dodge: Dodged            |    34 |    48 ||    82
  Block: Buckler           |    12 |    29 ||    41

Table legend:
 A = Non-vault XP
 B = Vault XP
 C = Vault XP percentage of total XP
 D = Non-vault monster count
 E = Vault monster count
 F = Vault count percentage of total count
                 A         B        C        D         E       F
            +---------+---------+-------+---------+---------+-------
      Total |     135 |     259 |  65.7 |      50 |      23 |  31.5
            +---------+---------+-------+---------+---------+-------
        D:1 |      46 |       0 |   0.0 |      21 |       0 |   0.0
        D:2 |      21 |     106 |  83.5 |      10 |      15 |  60.0
        D:3 |      23 |     107 |  82.3 |      14 |       3 |  17.6
        D:4 |      45 |      46 |  50.5 |       5 |       5 |  50.0
            +---------+---------+-------+---------+---------+-------
